 Dungeon Crawl Stone Soup version 0.24-a0-521-g122614bf49 (webtiles) character file.

Game seed: 11917301783616482431

2654 Mithandil the Thaumaturge (level 9, -12/45 HPs)
             Began as a Deep Elf Conjurer on July 29, 2019.
             Was an Initiate of Vehumet.
             Mangled by a two-headed ogre
             ... wielding a +0 giant club
              (14 damage)
             ... on level 7 of the Dungeon.
             The game lasted 00:45:06 (7927 turns).

Mithandil the Thaumaturge (Deep Elf Conjurer)       Turns: 7927, Time: 00:45:07

Health: -12/45     AC:  6    Str: 11    XL:     9   Next: 36%
Magic:  21/23      EV: 16    Int: 21    God:    Vehumet [......]
Gold:   393        SH:  5    Dex: 18    Spells: 8/25 levels left

rFire    . . .     SeeInvis .   a - +2 dagger (protect)
rCold    . . .     Gourm    .   D - +0 buckler
rNeg     . . .     Faith    .   n - +0 steam dragon scales
rPois    .         Spirit   .   (no helmet)
rElec    .         Reflect  .   q - +0 cloak
rCorr    .         Harm     .   (no gloves)
MR       .....                  (no boots)
Stlth    +++.......             (no amulet)
HPRegen  0.15/turn              k - +3 ring of dexterity
MPRegen  0.18/turn              F - +3 ring of strength

@: about to teleport, studying Axes
A: no striking features
a: Renounce Religion


You were on level 7 of the Dungeon.
You worshipped Vehumet.
Vehumet was noncommittal.
You were hungry.

You visited 2 branches of the dungeon, and saw 9 of its levels.

You collected 393 gold pieces.

Inventory:

Hand Weapons
 a - a +2 dagger of protection (weapon)
 b - a +2 whip of freezing
 C - a +3 quarterstaff of chaos
 I - a +0 war axe
Missiles
 h - 34 arrows
 j - a throwing net
 r - 25 poisoned darts (quivered)
 H - 5 boomerangs
Armour
 n - +0 steam dragon scales (worn)
 q - a +0 cloak (worn)
 t - a +3 leather armour of cold resistance
 B - a +0 large shield
 D - a +0 buckler (worn)
Jewellery
 k - a +3 ring of dexterity (left hand)
 F - a +3 ring of strength (right hand)
Wands
 s - a wand of scattershot (7)
 x - a wand of disintegration (18)
Scrolls
 d - 6 scrolls of teleportation
 f - 3 scrolls of identify
 l - 3 scrolls of remove curse
 y - 2 scrolls of magic mapping
 E - a scroll of amnesia {unknown}
Potions
 e - a potion of cancellation {unknown}
 g - 4 potions of curing
 m - a potion of degeneration {unknown}
 o - a potion of magic {unknown}
 u - a potion of haste {unknown}
 v - a potion of lignification {unknown}
 w - a potion of flight {unknown}
 z - a potion of brilliance {unknown}
 A - a potion of agility {unknown}
 G - 2 potions of might {unknown}
Books
 p - a manual of Axes
Comestibles
 c - 2 rations


   Skills:
 + Level 5.8 Dodging
 + Level 6.2 Stealth
 * Level 2.4 Shields
 * Level 8.6 Spellcasting
 * Level 8.3 Conjurations
 + Level 4.4 Hexes
 + Level 2.0 Charms
 + Level 1.6 Necromancy
 + Level 4.1 Translocations


You had 8 spell levels left.
You knew the following spells:

 Your Spells              Type           Power        Failure   Level  Hunger
a - Magic Dart            Conj           ####         1%          1    None
b - Searing Ray           Conj           #####.       1%          2    None
c - Force Lance           Conj/Tloc      #####...     7%          4    ###....
d - Iskenderun's Mystic   Conj           #####...     3%          4    ###....
r - Regeneration          Chrm/Necr      ###.......   13%         3    None
s - Dazzling Spray        Conj/Hex       #####.       1%          3    None

Your spell library contained the following spells:

 Spells                   Type           Power        Failure   Level  Hunger
 Infusion                 Chrm           ###.         3%          1    None
 Shroud of Golubria       Chrm/Tloc      ###...       3%          2    None
 Song of Slaying          Chrm           ###.....     6%          2    None
 Fulminant Prism          Conj/Hex       #####.....   6%          4    ###....
 Spectral Weapon          Hex/Chrm       ###.....     7%          3    None


Dungeon Overview and Level Annotations

Branches:
Dungeon (8/15)             Temple (1/1) D:5
   Lair: D:8-11

Altars:
Ashenzari
Cheibriados
Dithmenos
Elyvilon
Fedhas
Hepliaklqana
Kikubaaqudgha
Makhleb
Nemelex Xobeh
Okawaru
Qazlal
Trog
Vehumet
Xom
Zin
The Shining One

Annotations:
D:4 exclusion: downstairs


Message History

The two-headed ogre hits you with a +0 giant club!!
Ouch! That really hurt!
The two-headed ogre closely misses you.
Some of the chunks of flesh in your inventory have rotted away.
The searing ray hits the two-headed ogre!
The two-headed ogre is moderately wounded.
Things that are here:
9 stones; a bullfrog skeleton
There is an open door here.
All of the chunks of flesh in your inventory have rotted away.
The two-headed ogre hits you with a +0 giant club!
* * * LOW HITPOINT WARNING * * *
The two-headed ogre hits you with a +0 giant club!
* * * LOW HITPOINT WARNING * * *
You are feeling hungry.
Found 8 javelins.
As you read the scroll of teleportation, it crumbles to dust.
You feel strangely unstable.
The two-headed ogre hits you with a +0 giant club!
You die...

##### ...... #....###
..... #.....(# ....
#......# ... #......# ...
#......######### ..
#......##......########
#..@##.............#
...#..O##.............'
....'..................#
....#...######'######'##
........#...#
.....##....##
........#....
........<...##
........#....
............#.
.....5#....
............#.
.....###########'##....#.


You could see a two-headed ogre.

Vanquished Creatures
  Pikel (D:5)
  A steam dragon (D:6)
  A hungry ghost (D:7)
  Menkaure (D:7)
  An orc warrior (D:7)
  A sky beast (D:7)
  A black bear (D:6)
  3 ogres
  A phantom (D:5)
  A crocodile (D:7)
  Blork the orc (D:5)
  3 bullfrogs
  A scorpion (D:7)
  2 howler monkeys
  2 crimson imps (D:6)
  A bullfrog zombie (D:5)
  Crazy Yiuf (D:5)
  3 hounds
  A jelly (D:5)
  An orc priest (D:4)
  6 orc wizards
  4 worker ants
  A statue (D:7)
  A gnoll (D:7)
  6 adders
  A shadow imp (D:5)
  3 oozes
  2 worms
  3 dart slugs
  3 leopard geckos
  16 orcs
  5 giant cockroaches
  7 goblins
  6 hobgoblins
  10 jackals
  3 quokkas
  3 ball pythons
  6 bats
  A frilled lizard (D:5)
  A jackal skeleton (D:4)
  3 kobolds
  A quokka zombie (D:6)
  4 rats
  2 fungi (D:5)
126 creatures vanquished.

Vanquished Creatures (others)
  Sigmund (D:5)
  An orc (D:5)
  A jackal skeleton (D:5)
3 creatures vanquished.

Grand Total: 129 creatures vanquished

Notes
Turn   | Place    | Note
-------+----------+-------------------------------------------
     0 | D:1      | Mithandil the Deep Elf Conjurer began the quest for the
                  | Orb.
     0 | D:1      | Reached XP level 1. HP: 10/10 MP: 6/6
   159 | D:1      | Reached XP level 2. HP: 7/15 MP: 4/8
   163 | D:1      | Learned a level 2 spell: Searing Ray
   757 | D:2      | Found a faded altar of an unknown god.
   932 | D:2      | Reached XP level 3. HP: 19/19 MP: 3/10
  1552 | D:2      | Reached skill level 5 in Conjurations
  2233 | D:3      | Reached XP level 4. HP: 24/24 MP: 10/12
  2239 | D:3      | Learned a level 4 spell: Force Lance
  2244 | D:3      | Learned a level 4 spell: Iskenderun's Mystic Blast
  2327 | D:5      | Entered Level 5 of the Dungeon
  2327 | D:5      | Noticed a slave
  2348 | D:3      | Found an iron altar of Okawaru.
  2843 | D:4      | Found a white marble altar of Elyvilon.
  2880 | D:4      | Reached skill level 1 in Translocations
  2880 | D:4      | Reached XP level 5. HP: 23/28 MP: 2/13
  3301 | D:4      | Noticed an ogre
  3304 | D:4      | Reached skill level 5 in Spellcasting
  3306 | D:4      | Killed an ogre
  3306 | D:4      | Reached XP level 6. HP: 32/32 MP: 6/15
  3954 | D:4      | Learned a level 3 spell: Dazzling Spray
  4075 | D:5      | Reached XP level 7. HP: 36/36 MP: 8/17
  4151 | D:5      | Reached skill level 1 in Hexes
  4347 | D:5      | Noticed Pikel
  4479 | D:5      | Killed Pikel
  4479 | D:5      | Reached skill level 5 in Stealth
  4479 | D:5      | Reached XP level 8. HP: 15/41 MP: 7/20
  4770 | D:5      | Noticed Blork the orc
  4771 | D:5      | Killed Sigmund
  4776 | D:5      | Killed Blork the orc
  5040 | D:5      | Reached skill level 5 in Dodging
  5427 | D:5      | Found a staircase to the Ecumenical Temple.
  5436 | Temple   | Entered the Ecumenical Temple
  5924 | D:5      | Found a runed translucent door.
  5925 | D:5      | Noticed Crazy Yiuf
  5931 | D:5      | Killed Crazy Yiuf
  6300 | D:6      | Got a ruby-encrusted plate armour
  6434 | D:6      | Reached skill level 1 in Shields
  6654 | D:7      | Found a radiant altar of Vehumet.
  6664 | D:7      | Became a worshipper of Vehumet
  6886 | D:6      | Learned a level 3 spell: Regeneration
  7279 | D:6      | Found a hazy altar of Hepliaklqana.
  7280 | D:6      | Found a shimmering altar of Xom.
  7281 | D:6      | Noticed a spectral ugly thing
  7357 | D:7      | Reached XP level 9. HP: 45/45 MP: 16/23
  7452 | D:7      | Reached skill level 1 in Charms
  7516 | D:7      | Found a radiant altar of Vehumet.
  7535 | D:7      | Noticed Menkaure
  7538 | D:7      | Killed Menkaure
  7538 | D:7      | Reached skill level 1 in Necromancy
  7628 | D:7      | Found a burning altar of Makhleb.
  7628 | D:7      | Found a glowing silver altar of Zin.
  7630 | D:7      | Found a snail-covered altar of Cheibriados.
  7894 | D:7      | Noticed a two-headed ogre
  7922 | D:7      | HP: 1/45 [two-headed ogre/+0 giant club (11)]
  7927 | D:7      | Mangled by a two-headed ogre

Levels and vault maps discovered:
D:1:      eino_arrival_water_star, layout_basic
D:2:      layout_loops_ring, chequers_ecumenical_altar_simple_redux
D:3:      layout_basic, okawaru_ov_weapons_minmay, st_stairs_11
D:4:      layout_rooms, first_ration, elyvilon_altar_5
D:5:      layout_loops_ring, minmay_temple_entry_fiery, uniq_crazy_yiuf_cottage,
          uniq_sigmund, uniq_blork_the_orc, uniq_pikel
D:6:      layout_loops_ring, regret_index_temple_of_mockery,
          minmay_manual_monstrance
D:7:      layout_gridville, vehumet_statue, led_sif_pool,
          grunt_temple_overflow_open, basic_altar, uniq_menkaure
D:8:      layout_loops_ring, nicolae_overflow_crystal_walls,
          overflow_temple_1_default, lemuel_zombie_altar_yredelemnul,
          erik_lair_orcish_takeover, makhleb_heckhound_becter, uniq_psyche
Temple:   dpeg_three_leaves_temple

Skill      XL: |  1  2  3  4  5  6  7  8  9 |
---------------+----------------------------+-----
Stealth        | 3 4 5 6 |  6.2
Dodging        | 3 4 5 |  5.8
Spellcasting   | 4 5 7 8 |  8.6
Conjurations   | 5 6 7 8 |  8.3
Translocations | 1 2 3 4 |  4.1
Hexes          | 2 3 4 |  4.4
Shields        | 1 2 |  2.4
Charms         | 2 |  2.0
Necromancy     | 1 |  1.6

Action                   |  1- 3 |  4- 6 |  7- 9 || total
-------------------------+-------+-------+-------++-------
Melee: Dagger            |    36 |    32 |    68 ||   136
 Cast: Magic Dart        |    70 |    74 |   134 ||   278
       Searing Ray       |     4 |    10 |    30 ||    44
       Iskenderun's Myst |       |     2 |     2 ||     4
  Use: Scroll            |     1 |     4 |     9 ||    14
       Potion            |       |     1 |       ||     1
  Eat: Chunk             |     4 |     6 |     3 ||    13
       Ration            |       |       |     3 ||     3
Armor: Robe              |     3 |       |       ||     3
       Leather armour    |     5 |    20 |     9 ||    34
       Steam dragon scal |       |       |     6 ||     6
Dodge: Dodged            |    43 |    48 |    46 ||   137
Block: Buckler           |       |       |    12 ||    12

Table legend:
 A = Non-vault XP
 B = Vault XP
 C = Vault XP percentage of total XP
 D = Non-vault monster count
 E = Vault monster count
 F = Vault count percentage of total count
                 A         B        C        D         E       F
            +---------+---------+-------+---------+---------+-------
      Total |    2454 |    1338 |  35.3 |     112 |      12 |   9.7
            +---------+---------+-------+---------+---------+-------
        D:1 |      37 |       0 |   0.0 |      18 |       0 |   0.0
        D:2 |      44 |       0 |   0.0 |      12 |       0 |   0.0
        D:3 |      72 |       3 |   4.0 |      14 |       2 |  12.5
        D:4 |     489 |       0 |   0.0 |      27 |       0 |   0.0
        D:5 |     546 |     772 |  58.6 |      20 |       3 |  13.0
        D:6 |     297 |     362 |  54.9 |       7 |       5 |  41.7
        D:7 |     969 |     201 |  17.2 |      14 |       2 |  12.5
            +---------+---------+-------+---------+---------+-------
